Cogmind - Beta 13 @@@ ROGUE MODE // 2024.04.30 @ 09:11:51 Player: Gabe+Kate4EVR Result: Destroyed by Perun with Improved Arc Thrower Performance ------------- Evolutions (6) 3000 Regions Visited (11) 2200 Robots Destroyed (131) 655 Value Destroyed (3525) 3525 Prototype IDs (7) 140 Alien Tech Used (1) 200 Bonus (424) 424 TOTAL SCORE: 10144 Bonus ------- High Alert Combat Kills 104 Follower Combat Kills 20 Met Zhirov 300 Cogmind --------- Core Integrity 0/1150 Matter 242/300 Energy 99/100 System Corruption 41% Temperature Cool (0) Movement Core (50) Location -4/Zhirov Parts ------- > --- POWER (2) -------- (None) > --- PROPULSION (10) -- Improved Gyrokinetic Inverter > --- UTILITY (5) ------ Improved Salvage Targeting Computer Improved Target Analyzer > --- WEAPON (2) ------- (None) > --- INVENTORY (5) ---- Neutrino Core Micro Fission Core Authchip [Propulsion] Peak State ------------ > --- POWER ------------ Neutrino Core Neutrino Core > --- PROPULSION ------- Makeshift Leg Makeshift Leg Makeshift Leg Flexi-carbon Leg Myomer Leg Myomer Leg Myomer Leg Myomer Leg Improved Gyrokinetic Inverter Field Propulsion Drive > --- UTILITY ---------- Advanced Heat Sink Improved Salvage Targeting Computer Improved Target Analyzer Energy Filter Improved System Guard > --- WEAPON ----------- Hardcell Cannon Proton Missile Launcher > --- INVENTORY -------- Micro Fission Core Makeshift Cloaking Device Authchip [Propulsion] Coil Gun Slug Cannon [Rating: 108] Favorites ----------- Power Neutrino Core Engine Light Ion Engine Power Core Neutrino Core Reactor Light Antimatter Reactor Propulsion Myomer Leg Treads Light Treads Leg Myomer Leg Wheel Wheel Hover Unit Improved Gyrokinetic Inverter Flight Unit Biomechanical Wings Utility Improved Target Analyzer Device Advanced Heat Sink Storage Huge Storage Unit Processor Improved Target Analyzer Protection Hardened Light Armor Plating Weapon Coil Gun Energy Gun Constructs Energy Cannon Proton Cannon Ballistic Gun Coil Gun Ballistic Cannon Assault Cannon Launcher Proton Missile Launcher Impact Weapon Great Maul Piercing Weapon Spear Build | -11 -10 -9 -8 -8 -8 -6 -5 -4 -4 -4 -4 ------- Run | Yrd Mat Mat Mat Sto Rec Fac Fac Fac Upp Upp Zhi Slots Evolved 12 | . . 2 2 . . 4 2 2 . . . Power 1 | . . . . . . 1 . . . . . Propulsion 8 | . . 2 2 . . . 2 2 . . . Utility 3 | . . . . . . 3 . . . . . Weapon . | . . . . . . . . . . . . Parts Attached 177 | 6 9 23 24 21 9 22 13 4 34 9 3 Power 23 | 1 2 1 3 2 1 4 1 2 3 2 1 Engine 10 | 1 2 1 3 2 1 . . . . . . Core 11 | . . . . . . 4 1 1 2 2 1 Reactor 2 | . . . . . . . . 1 1 . . Propulsion 62 | 2 2 8 14 8 6 4 2 2 12 2 . Treads 2 | . . 2 . . . . . . . . . Leg 15 | 2 . . 2 . . . . . 10 1 . Wheel 27 | . 2 6 11 8 . . . . . . . Hover 2 | . . . . . . . . 1 1 . . Flight 16 | . . . 1 . 6 4 2 1 1 1 . Utility 36 | 1 3 3 . 2 2 5 6 . 12 1 1 Device 22 | . 2 . . 1 2 4 1 . 11 . 1 Storage 3 | 1 1 1 . . . . . . . . . Processor 7 | . . 1 . . . . 4 . 1 1 . Hackware . | . . . . . . . . . . . . Protection 4 | . . 1 . 1 . 1 1 . . . . Artifact . | . . . . . . . . . . . . Weapon 56 | 2 2 11 7 9 . 9 4 . 7 4 1 Energy Gun 4 | 2 . . . . . 1 . . . . 1 Energy Cannon 3 | . . . . . . 2 1 . . . . Ballistic Gun 20 | . 1 7 3 2 . 3 . . 4 . . Ballistic Cannon 10 | . . 1 1 4 . . . . 1 3 . Launcher 15 | . 1 3 3 3 . 1 2 . 2 . . Special Weapon . | . . . . . . . . . . . . Impact Weapon 1 | . . . . . . . . . . 1 . Slashing Weapon . | . . . . . . . . . . . . Piercing Weapon 3 | . . . . . . 2 1 . . . . Special Melee Weapon . | . . . . . . . . . . . . Unidentified Prototypes 5 | . . 1 . . 1 1 1 . . . 1 Corrupted Parts 8 | . . . . . . . . . 8 . . System Corruption 55 | . . . . . . . . . 55 . . Parts Lost 65 | . 2 . 11 11 . 12 4 3 2 4 16 Power 10 | . 1 . 3 2 . 2 . . . . 2 Propulsion 34 | . 1 . 7 6 . 5 1 1 2 3 8 Utility 10 | . . . . 1 . 3 2 1 . . 3 Weapon 11 | . . . 1 2 . 2 1 1 . 1 3 Highest Loss Streak 16 | . 1 . 5 5 . 4 3 2 2 2 16 To Critical Strikes 1 | . . . 1 . . . . . . . . Average Slot Usage (%) 80 | . 80 98 94 70 45 35 37 36 93 97 77 Engine 3 | . 13 11 7 5 6 . . . . . . Core 3 | . . . . . . 3 . 3 5 9 8 Reactor 1 | . . . . . . . . . 4 . . Leg 19 | . . . 3 . . . . . 39 39 28 Wheel 9 | . 20 31 47 34 . . . . . . . Hover 2 | . . . . . . . . 1 4 5 5 Flight 5 | . . . . . 14 13 5 9 5 5 3 Device 7 | . 2 1 . . 8 7 3 1 12 10 7 Storage 2 | . 14 11 9 9 . . . . . . . Processor 7 | . . 8 . . . . 16 15 10 14 13 Protection 1 | . . . 9 6 . 1 2 4 . . . Energy Gun 3 | . 20 2 . . 14 3 . . . . . Ballistic Gun 4 | . 7 15 11 3 . . . . 4 2 . Ballistic Cannon 1 | . . 1 4 8 . . . . . 4 7 Launcher 2 | . . 2 2 3 . 1 . 1 3 2 . Naked Turns . | . . . . . . . . . . . . Heaviest Build 100 | 14 50 98 100 95 82 17 6 14 49 49 49 Greatest Support 180 | 20 20 54 74 74 26 18 10 10 180 180 155 Greatest Overweight (x) 4 | 1 4 4 2 3 3 . . 1 . . . Average Overweight (x) . | . 2 1 1 1 . . . . . . . Largest Inventory Capacity 25 | 8 20 25 25 25 25 5 5 5 5 5 5 Average Capacity 9 | 7 19 22 25 25 5 5 5 5 5 5 5 Most Carried 25 | 6 20 25 25 25 25 5 5 5 5 5 5 Average Carried 9 | 3 14 22 24 23 5 4 4 4 4 4 4 Final Capacity 25 | 8 20 25 25 25 5 5 5 5 5 5 5 Final Carried 25 | 6 20 25 25 23 4 5 4 5 5 5 3 Scrap Engine Consumption 32 | . . . . . 32 . . . . . . Constructs Created 3 | . . . . . 3 . . . . . . Constructs Modified 5 | . . . . . 5 . . . . . . Class Distribution -------------------- 56% | Scavenger-Mutant 27% | Mutant 9% | Construct 3% | Derelict-Mutant Dominant Class ---------------- Mutant | -10/Materials Mutant | -9/Materials Scavenger-Mutant | -8/Materials Mutant | -8/Storage Construct | -8/Recycling Mutant | -6/Factory Mutant | -5/Factory Mutant | -4/Factory Scavenger-Mutant | -4/Upper Caves Scavenger-Mutant | -4/Upper Caves Scavenger-Mutant | -4/Zhirov Resources | -11 -10 -9 -8 -8 -8 -6 -5 -4 -4 -4 -4 ----------- Run | Yrd Mat Mat Mat Sto Rec Fac Fac Fac Upp Upp Zhi Matter Collected 3692 | 226 175 377 724 540 305 102 82 8 722 431 . Remotely 32 | . 32 . . . . . . . . . . Salvage Created 4078 | . 231 502 1023 520 546 172 192 . 634 258 . Parts 262 | . 22 33 62 37 23 17 19 . 27 22 . Haulers Intercepted 5 | . 1 3 1 . . . . . . . . Recyclers Shooed 8 | . . 1 3 . 4 . . . . . . Parts Field Recycled . | . . . . . . . . . . . . Retrieved Matter . | . . . . . . . . . . . . Parts Self-Destructed 32 | . . . . . . . . . 13 19 . Prevented 15 | . . . . . . . . . 12 3 . Kills | -11 -10 -9 -8 -8 -8 -6 -5 -4 -4 -4 -4 ------- Run | Yrd Mat Mat Mat Sto Rec Fac Fac Fac Upp Upp Zhi Combat Hostiles Destroyed 90 | . 9 8 16 17 4 7 6 . 12 11 . Melee 1 | . . . . . . . 1 . . . . Guns 28 | . 7 4 2 2 4 5 . . 3 1 . Cannons 14 | . . . 1 8 . . . . . 5 . AOE 45 | . 2 4 13 7 . 2 5 . 7 5 . Classes Destroyed 15 | . 3 5 3 2 . . 1 . 1 . . Worker 8 | . . 1 4 1 . 1 1 . . . . Builder 7 | . . 1 5 1 . . . . . . . Tunneler 1 | . . . 1 . . . . . . . . Hauler 5 | . 1 3 1 . . . . . . . . Recycler 12 | . . 2 5 . 5 . . . . . . Mechanic 1 | . . . 1 . . . . . . . . Operator 1 | . . . . 1 . . . . . . . Watcher 6 | . . 2 2 1 . 1 . . . . . Swarmer 44 | . 6 3 4 4 . 7 5 . 5 10 . Grunt 25 | . 3 3 8 6 . . . . 5 . . Brawler 2 | . . . 1 1 . . . . . . . Duelist 1 | . . . . 1 . . . . . . . Sentry 15 | . . 2 3 5 4 . . . . 1 . Hunter 2 | . . . . . . . . . 2 . . Programmer 1 | . . . . . . . 1 . . . . Best Kill Streak 17 | . 3 3 17 6 2 4 3 . 5 4 . Combat Bots Only 10 | . 3 3 10 5 1 4 3 . 5 4 . Max Kills in Single Turn 4 | . 1 2 3 4 1 2 3 . 4 3 . Gunslinging . | . . . . . . . . . . . . Exploded 3 | . 1 1 2 3 . 1 3 . 3 3 . Melee 1 | . . . . . . . 1 . . . . Uniques/NPCs Destroyed . | . . . . . . . . . . . . Combat | -11 -10 -9 -8 -8 -8 -6 -5 -4 -4 -4 -4 -------- Run | Yrd Mat Mat Mat Sto Rec Fac Fac Fac Upp Upp Zhi Hostile Shots Fired 856 | . 43 46 57 79 22 147 63 37 56 60 246 Missed 287 | . 13 18 14 30 9 75 28 20 21 18 41 Damage Taken 7732 | . 299 344 964 1075 188 1006 587 404 670 671 1524 Core 2390 | . 36 102 140 273 42 374 312 276 126 103 606 Absorbed by Shields 45 | . . . . . . . 45 . . . . Redirected to Shielding 179 | . . . . 62 . 51 29 37 . . . Regen/Repaired (Parts) 45 | . . . . . 45 . . . . . . Core Remaining (%) 66 | 100 85 74 . . 17 56 68 . . . . Volleys Fired 270 | . 28 35 49 52 28 19 2 . 19 29 9 Largest 2 | . 2 2 2 2 2 2 1 . 2 2 2 Hottest 136 | . 90 70 74 88 110 136 39 . 78 113 113 Shots Fired 495 | . 56 70 98 88 55 31 2 . 32 48 15 Gun 288 | . 54 56 57 17 55 24 . . 13 9 3 Cannon 146 | . . 5 24 60 . 5 . . 3 37 12 Launcher 61 | . 2 9 17 11 . 2 2 . 16 2 . Special . | . . . . . . . . . . . . Kinetic 336 | . 17 55 81 77 27 5 . . 16 46 12 Thermal 81 | . 28 6 . . 28 19 . . . . . Explosive 42 | . 2 9 17 11 . 2 1 . . . . Electromagnetic 36 | . 9 . . . . 5 1 . 16 2 3 Robot Hit Streak 23 | . 7 11 13 8 23 9 5 . 7 2 3 Robot Miss Streak 5 | . 3 3 5 4 3 5 . . 3 5 1 Penetration Max 1 | . . . . . . . . . 1 . . Secondary Targets 2 | . 1 . . . . 1 . . . . . Max Gunslinging Chain 1 | . 1 . . . . 1 . . . . . Shots Hit Robots 310 | . 34 44 62 52 43 25 6 . 18 16 10 Core Hits 227 | . 14 26 57 31 30 23 10 . 19 14 3 Critical Kills . | . . . . . . . . . . . . Critical Parts Destroyed 1 | . . . . . . . . . 1 . . Critical Strikes 10 | . . 1 . 2 2 . . . 1 3 1 Burn 3 | . . 1 . . 2 . . . . . . Destroy 1 | . . . . . . . . . 1 . . Blast 6 | . . . . 2 . . . . . 3 1 Melee Attacks 5 | . . . . . . 1 4 . . . . Impact . | . . . . . . . . . . . . Slashing . | . . . . . . . . . . . . Piercing 5 | . . . . . . 1 4 . . . . Sneak Attacks 1 | . . . . . . . 1 . . . . Combat Hostiles . | . . . . . . . . . . . . Follow-up Attacks . | . . . . . . . . . . . . Damage Inflicted 9563 | . 494 1087 2474 1955 545 611 451 . 974 703 269 Guns 2734 | . 426 474 648 163 545 212 . . 169 72 25 Cannons 2001 | . . 40 230 976 . 69 . . 16 426 244 Explosions 4645 | . 68 573 1596 793 . 299 322 . 789 205 . Melee 160 | . . . . . . 31 129 . . . . Ramming 23 | . . . . 23 . . . . . . . Kinetic 3937 | . 172 465 878 1139 300 56 . . 185 498 244 Thermal 886 | . 199 49 . . 245 156 . . 146 91 . Explosive 3532 | . 68 573 1596 793 . 299 203 . . . . Electromagnetic 1025 | . 55 . . . . 69 119 . 643 114 25 Impact . | . . . . . . . . . . . . Slashing . | . . . . . . . . . . . . Piercing 160 | . . . . . . 31 129 . . . . Highest Corruption 40 | . . . . 9 9 6 3 2 37 28 40 Average Corruption 16 | . . . . 5 9 2 3 2 21 16 20 Corruption Purged 30 | . . . . . . . . . 30 . . Corruption Blocked . | . . . . . . . . . . . . Effects 203 | . . . . 5 32 . 4 1 109 47 5 Message Errors 54 | . . . . 1 7 . 1 . 34 10 1 Matter Fused 34 | . . . . 3 6 . . . 13 9 3 Heat Flow Errors 34 | . . . . . 6 . 1 . 19 8 . Energy Discharges 20 | . . . . 1 4 . . . 8 7 . Parts Fused 1 | . . . . . . . . . 1 . . Data Loss (minor) 36 | . . . . . 5 . . 1 25 5 . Data Loss (major) 7 | . . . . . 1 . . . 3 3 . Misfires 2 | . . . . . . . . . 1 . 1 Alerts 9 | . . . . . 2 . 2 . 3 2 . Misdirections 2 | . . . . . . . . . 1 1 . Weapon Failures 4 | . . . . . 1 . . . 1 2 . Overload Shots . | . . . . . . . . . . . . Overflow Damage 166 | . . . 9 39 . 97 . . . 9 12 Projectiles 66 | . . . . 23 . 22 . . . 9 12 Explosions 100 | . . . 9 16 . 75 . . . . . Melee . | . . . . . . . . . . . . Knockbacks 13 | . . . 2 8 . . . . 1 2 . Impact 1 | . . . . 1 . . . . . . . Kinetic 12 | . . . 2 7 . . . . 1 2 . Secondary . | . . . . . . . . . . . . Self-Inflicted Damage 290 | . 33 30 150 43 . 3 17 . 14 . . Shots 15 | . 1 4 5 1 . 1 1 . 2 . . Rammed 2 | . . . . 2 . . . . . . . Targets Rammed 2 | . . . . 2 . . . . . . . Kicked . | . . . . . . . . . . . . Crushed . | . . . . . . . . . . . . Highest Temperature 329 | . 270 9 180 63 329 165 257 . 256 233 9 Average Temperature 71 | . 64 3 63 15 94 44 137 . 94 79 9 Received Heat Transfer 1365 | . 36 111 279 324 90 168 114 18 99 36 90 Effects 2 | . . . . . . . 1 . 1 . . Energy Bleed 1 | . . . . . . . 1 . . . . Interference 1 | . . . . . . . . . 1 . . Siege Activations . | . . . . . . . . . . . . Robots Corrupted 2 | . . . . . . . . . 2 . . Combat Hostiles 2 | . . . . . . . . . 2 . . Parts Fried 3 | . . . . . . . . . 3 . . Impact Corruptions . | . . . . . . . . . . . . Robots Melted . | . . . . . . . . . . . . Combat Hostiles . | . . . . . . . . . . . . Parts Melted 1 | . . 1 . . . . . . . . . Heat Transferred 1539 | . 592 222 . . 335 190 . . 150 50 . Parts Sabotaged . | . . . . . . . . . . . . Parts Stolen . | . . . . . . . . . . . . Parts Stripped . | . . . . . . . . . . . . Power Chain Reactions 4 | . . . . . . . . . 3 1 . Alert | -11 -10 -9 -8 -8 -8 -6 -5 -4 -4 -4 -4 ------- Run | Yrd Mat Mat Mat Sto Rec Fac Fac Fac Upp Upp Zhi Peak Influence 741 | . 244 299 396 741 191 398 401 251 . . . Initial 191 | . . 18 33 95 191 16 63 186 . . . Average 169 | . 117 116 188 410 89 193 228 200 . . . Maximum Alert Level 3 | . 1 1 1 3 . 1 2 1 . . . Low Security (%) 64 | 100 70 82 38 18 100 50 38 57 . . . Level 1 30 | . 30 17 61 29 . 49 58 42 . . . Level 2 4 | . . . . 45 . . 2 . . . . Level 3 . | . . . . 5 . . . . . . . Level 4 . | . . . . . . . . . . . . Level 5 . | . . . . . . . . . . . . High Security . | . . . . . . . . . . . . Max Security . | . . . . . . . . . . . . Squads Dispatched 14 | . 2 1 . 3 . 6 . 2 . . . Investigation 4 | . 1 1 . . . 1 . 1 . . . Extermination 1 | . . . . . . 1 . . . . . Reinforcement 8 | . 1 . . 2 . 4 . 1 . . . Assault . | . . . . . . . . . . . . Garrison 1 | . . . . 1 . . . . . . . Intercept . | . . . . . . . . . . . . Searches Triggered . | . . . . . . . . . . . . Construction Impeded 1 | . . . . 1 . . . . . . . Haulers Reinforced . | . . . . . . . . . . . . Active Scanning Responses . | . . . . . . . . . . . . Cargo Convoy Interrupts . | . . . . . . . . . . . . Stealth | -11 -10 -9 -8 -8 -8 -6 -5 -4 -4 -4 -4 --------- Run | Yrd Mat Mat Mat Sto Rec Fac Fac Fac Upp Upp Zhi Distress Signals 5 | . . 1 1 1 . 1 1 . . . . Communications Jammed . | . . . . . . . . . . . . Distress Signals . | . . . . . . . . . . . . Times Spotted 183 | . 14 17 28 26 4 37 17 13 12 9 6 Peak Tracking Total 9 | . 5 4 5 6 1 9 6 9 5 5 3 Tactical Retreats 11 | . . . 1 . . 6 3 1 . . . Traps | -11 -10 -9 -8 -8 -8 -6 -5 -4 -4 -4 -4 ------- Run | Yrd Mat Mat Mat Sto Rec Fac Fac Fac Upp Upp Zhi Traps Triggered 4 | . 1 1 . . . . 1 1 . . . Indirectly . | . . . . . . . . . . . . Trap Hack Attempts . | . . . . . . . . . . . . Triggered . | . . . . . . . . . . . . Disarmed . | . . . . . . . . . . . . Reprogrammed . | . . . . . . . . . . . . Reused . | . . . . . . . . . . . . Traps Extracted . | . . . . . . . . . . . . Installed . | . . . . . . . . . . . . Triggered 1 | . . . . . . . . . 1 . . Machines | -11 -10 -9 -8 -8 -8 -6 -5 -4 -4 -4 -4 ---------- Run | Yrd Mat Mat Mat Sto Rec Fac Fac Fac Upp Upp Zhi Machines Disabled 10 | . 1 2 . 5 . . 1 . . . 1 Max in Single Turn 3 | . 1 2 . 3 . . 1 . . . 1 Machines Repaired . | . . . . . . . . . . . . Machines Dismantled . | . . . . . . . . . . . . Machines Sabotaged . | . . . . . . . . . . . . Overloaded Fab Kills . | . . . . . . . . . . . . Hacking | -11 -10 -9 -8 -8 -8 -6 -5 -4 -4 -4 -4 --------- Run | Yrd Mat Mat Mat Sto Rec Fac Fac Fac Upp Upp Zhi Machines Accessed 18 | . . 2 2 1 4 4 . 3 1 1 . Terminals 17 | . . 2 2 1 4 4 . 3 . 1 . Fabricators . | . . . . . . . . . . . . Repair Stations . | . . . . . . . . . . . . Recycling Units . | . . . . . . . . . . . . Scanalyzers . | . . . . . . . . . . . . Garrison Access . | . . . . . . . . . . . . Total Hacks 31 | . . 4 3 1 6 10 . 5 1 1 . Successful 9 | . . 1 1 . 1 1 . 3 1 1 . Failed 22 | . . 3 2 1 5 9 . 2 . . . Catastrophic 9 | . . . 1 1 3 2 . 2 . . . Database Lockouts . | . . . . . . . . . . . . Manual 25 | . . 4 1 3 6 9 . 2 . . . Terminals 30 | . . 4 3 1 6 10 . 5 . 1 . Fabricators . | . . . . . . . . . . . . Repair Stations . | . . . . . . . . . . . . Recycling Units . | . . . . . . . . . . . . Scanalyzers . | . . . . . . . . . . . . Garrison Access . | . . . . . . . . . . . . Terminal Hacks 9 | . . 1 1 . 1 1 . 3 1 1 . Record 3 | . . . . . . . . 2 . 1 . Open Door 1 | . . . . . . . . . 1 . . Open DSF 1 | . . . . . . . . 1 . . . Unreport Threat 4 | . . 1 1 . 1 1 . . . . . Fabricator Hacks . | . . . . . . . . . . . . Repair Station Hacks . | . . . . . . . . . . . . Recycling Unit Hacks . | . . . . . . . . . . . . Scanalyzer . | . . . . . . . . . . . . Garrison Access Hacks . | . . . . . . . . . . . . Unauthorized Hacks . | . . . . . . . . . . . . Terminals . | . . . . . . . . . . . . Fabricators . | . . . . . . . . . . . . Repair Stations . | . . . . . . . . . . . . Recycling Units . | . . . . . . . . . . . . Scanalyzers . | . . . . . . . . . . . . Garrison Access . | . . . . . . . . . . . . Data Cores Recovered . | . . . . . . . . . . . . Used . | . . . . . . . . . . . . Hacking Detections 13 | . . 1 1 2 3 4 . 2 . . . Full Trace Events 2 | . . . . . . 1 . 1 . . . Feedback Events . | . . . . . . . . . . . . Feedback Blocked . | . . . . . . . . . . . . Robot Schematics Acquired . | . . . . . . . . . . . . Robots Built . | . . . . . . . . . . . . Authchips . | . . . . . . . . . . . . Time . | . . . . . . . . . . . . Total Robot Build Rating . | . . . . . . . . . . . . Part Schematics Acquired . | . . . . . . . . . . . . Parts Built . | . . . . . . . . . . . . Authchips . | . . . . . . . . . . . . Time . | . . . . . . . . . . . . Total Part Build Rating . | . . . . . . . . . . . . Parts Repaired . | . . . . . . . . . . . . Time . | . . . . . . . . . . . . Parts Recycled . | . . . . . . . . . . . . Recycled Matter . | . . . . . . . . . . . . Retrieved Matter . | . . . . . . . . . . . . Retrieved Components . | . . . . . . . . . . . . Parts Scanalyzed . | . . . . . . . . . . . . Part Schematics Acquired . | . . . . . . . . . . . . Parts Damaged . | . . . . . . . . . . . . Bothacking | -11 -10 -9 -8 -8 -8 -6 -5 -4 -4 -4 -4 ------------ Run | Yrd Mat Mat Mat Sto Rec Fac Fac Fac Upp Upp Zhi Used RIF Installer . | . . . . . . . . . . . . Robots Hacked . | . . . . . . . . . . . . Non-combat . | . . . . . . . . . . . . Combat . | . . . . . . . . . . . . Robot Hacks Applied . | . . . . . . . . . . . . Relay Couplers Released . | . . . . . . . . . . . . Fabnet Peak Effective % . | . . . . . . . . . . . . Robots Rewired 1 | . . . . . . . 1 . . . . Allies Hacked . | . . . . . . . . . . . . Hacks Repelled . | . . . . . . . . . . . . Allies | -11 -10 -9 -8 -8 -8 -6 -5 -4 -4 -4 -4 -------- Run | Yrd Mat Mat Mat Sto Rec Fac Fac Fac Upp Upp Zhi Total Allies 1 | . . . . . . . 1 . . . . Largest Group 1 | . . . . . . . 1 . . . . Highest-Rated Group 29 | . . . . . . . 29 . . . . Highest-Rated Ally 29 | . . . . . . . 29 . . . . Total Orders . | . . . . . . . . . . . . Ally Attacks 11 | . . . . . . . 11 . . . . Total Damage 95 | . . . . . . . 95 . . . . Kills 3 | . . . . . . . 3 . . . . Allies Corrupted . | . . . . . . . . . . . . Allies Melted . | . . . . . . . . . . . . Intel | -11 -10 -9 -8 -8 -8 -6 -5 -4 -4 -4 -4 ------- Run | Yrd Mat Mat Mat Sto Rec Fac Fac Fac Upp Upp Zhi Robot Analysis Total . | . . . . . . . . . . . . Derelict Logs Recovered 1 | . . . . . . . . . 1 . . Drone Launches . | . . . . . . . . . . . . Drone Recoveries . | . . . . . . . . . . . . Exploration | -11 -10 -9 -8 -8 -8 -6 -5 -4 -4 -4 -4 ------------- Run | Yrd Mat Mat Mat Sto Rec Fac Fac Fac Upp Upp Zhi Turns Passed 7651 | 72 400 522 698 403 933 475 201 133 2689 989 136 Spaces Moved 4947 | 51 235 317 459 189 408 941 362 324 886 698 77 Core 14 | 6 . . . . 4 . . . . . 4 Treads . | . . . . . . . . . . . . Legs 1677 | 45 9 . . . . . . . 852 698 73 Wheels 1207 | . 226 317 459 189 16 . . . . . . Hover . | . . . . . . . . . . . . Flight 2049 | . . . . . 388 941 362 324 34 . . Fastest Speed 27 | 50 110 95 101 100 27 27 34 34 40 122 50 Average Speed 88 | 113 120 113 105 116 75 35 39 37 126 125 118 Slowest Speed 145 | 120 140 145 126 135 135 40 40 106 140 127 122 Overloaded Moves . | . . . . . . . . . . . . Propulsion Burnouts . | . . . . . . . . . . . . Robots Hopped 41 | . . . . . 4 12 11 14 . . . Cave-ins Triggered 1 | . . . . 1 . . . . . . . Teleports 1 | . . . . . . . . . . . 1 Exploration Rate (%) 38 | 4 33 32 46 30 72 34 14 16 56 78 42 Regions Visited 11 Branch Regions 5 Pre-discovered Areas . | . . . . . . . . . . . . Known Exits Taken . | . . . . . . . . . . . . Unknown Exits Taken 11 | 1 1 1 1 1 1 1 1 1 1 1 . Scrap Searched 4 | . . . . . . . . . 1 3 . Spaces Dug . | . . . . . . . . . . . . Terrain Destroyed 284 | . 6 31 104 90 . 6 3 . 24 20 . Melee . | . . . . . . . . . . . . Projectile 33 | . . . 6 11 . . . . 1 15 . AOE 251 | . 6 31 98 79 . 6 3 . 23 5 . Terrain Rammed . | . . . . . . . . . . . . Walls Destroyed . | . . . . . . . . . . . . Machines Disabled . | . . . . . . . . . . . . Actions | -11 -10 -9 -8 -8 -8 -6 -5 -4 -4 -4 -4 --------- Run | Yrd Mat Mat Mat Sto Rec Fac Fac Fac Upp Upp Zhi Total 7656 | 62 299 418 579 280 978 1037 397 323 2414 762 107 Wait 2080 | . 2 12 16 5 521 51 1 5 1454 12 1 Move 4860 | 50 234 316 458 188 399 917 342 297 885 697 77 Hop 35 | . . . . . 4 11 8 12 . . . Pick Up 76 | 6 18 11 12 6 4 3 2 . 9 5 . Fast Attach 90 | 6 4 7 10 3 . 17 10 3 22 7 1 Attach 32 | . . 2 1 6 9 3 3 1 4 1 2 Detach 19 | . 1 4 . . 4 4 1 3 2 . . Swap 56 | . 5 14 13 12 . 2 . . 8 1 1 Drop 96 | . 7 17 20 6 9 9 4 2 11 10 1 Fire 270 | . 28 35 49 52 28 19 2 . 19 29 9 Melee 5 | . . . . . . 1 4 . . . . Ram 2 | . . . . 2 . . . . . . . Kick . | . . . . . . . . . . . . Crush . | . . . . . . . . . . . . Escape Stasis 25 | . . . . . . . 10 . . . 15 Rewire 10 | . . . . . . . 10 . . . . Trap . | . . . . . . . . . . . . Miscellaneous . | . . . . . . . . . . . . Route ------- -11/Scrapyard -10/Materials -9/Materials -8/Materials -8/Storage -8/Recycling -6/Factory -5/Factory -4/Factory -4/Upper Caves -4/Upper Caves -4/Zhirov (discovered 1 exit: [*Pro]) History --------- Turn | Location | Event 4 | -11/Scrapyard | Discovered new exit (range 15) 73 | -11/Scrapyard | Entered Materials 300 | -10/Materials | Build established: Mutant 392 | -10/Materials | Discovered new exit (range 15) 473 | -10/Materials | Entered another Materials area 473 | -9/Materials | Evolved 2 slots: Propulsion x2 871 | -9/Materials | Discovered new exit (range 10) 995 | -9/Materials | Entered another Materials area 995 | -8/Materials | Evolved 2 slots: Propulsion x2 1404 | -8/Materials | Destroyed 10 combat bots 1411 | -8/Materials | Lost 4 parts (1p3n) 1487 | -8/Materials | Build established: Scavenger-Mutant 1678 | -8/Materials | Discovered new exit (range 9) 1693 | -8/Materials | Entered Storage 1723 | -8/Storage | Lost 5 parts (1p3n1w) 1877 | -8/Storage | Lost 3 parts (1p2n) 1987 | -8/Storage | Core integrity fell below 50% 2029 | -8/Storage | Garrison activated, responded to threat 2057 | -8/Storage | Crushed by falling debris 2093 | -8/Storage | Used back door to open Recycling access 2093 | -8/Storage | Discovered new exit (range 3) 2096 | -8/Storage | Entered Recycling 2107 | -8/Recycling | Found Scrap Engine 2109 | -8/Recycling | Lost 5 parts (1p2n2w) 2564 | -8/Recycling | Build established: Construct 3000 | -8/Recycling | Discovered new exit (range 15) 3006 | -8/Recycling | Core integrity fell below 20% 3029 | -8/Recycling | Entered Factory 3029 | -6/Factory | Evolved 4 slots: Power x1, Utility x3 3098 | -6/Factory | Lost 4 parts (2n1u1w) 3308 | -6/Factory | Lost 4 parts (1p2n1w) 3498 | -6/Factory | Discovered new exit (range 12) 3504 | -6/Factory | Entered another Factory area 3504 | -5/Factory | Evolved 2 slots: Propulsion x2 3552 | -5/Factory | Build established: Mutant 3696 | -5/Factory | Discovered new exit (range 22) 3705 | -5/Factory | Entered another Factory area 3705 | -4/Factory | Evolved 2 slots: Propulsion x2 3725 | -4/Factory | Lost 3 parts (1n1u1w) 3832 | -4/Factory | Discovered new exit (range 17) 3838 | -4/Factory | Entered Upper Caves 3843 | -4/Upper Caves | Learned Research garrison access intel 4118 | -4/Upper Caves | System corruption reached 10% 4203 | -4/Upper Caves | System corruption reached 30% 4413 | -4/Upper Caves | Build established: Scavenger-Mutant 6493 | -4/Upper Caves | Discovered new exit (range 13) 6527 | -4/Upper Caves | Entered another Upper Caves area 7070 | -4/Upper Caves | Encountered a Warlord checkpoint 7252 | -4/Upper Caves | Attracted the attention of an 0b10 checkpoint 7486 | -4/Upper Caves | Discovered new exit (range 8) 7516 | -4/Upper Caves | Entered Zhirov 7516 | -4/Zhirov | Discovered new exit (range 3) 7553 | -4/Zhirov | Met Zhirov 7587 | -4/Zhirov | Found Alien Artifact 7587 | -4/Zhirov | Identified Transdimensional Reconstructor 7587 | -4/Zhirov | Warped through subspace 7607 | -4/Zhirov | Attacked by Zhirov 7622 | -4/Zhirov | Core integrity fell below 50% 7646 | -4/Zhirov | Core integrity fell below 20% 7652 | -4/Zhirov | Destroyed by Perun with Improved Arc Thrower Last Messages --------------- 07621_ Held in stasis. 07621_ Carbon-fiber Leg destroyed. 07621_ Myomer Leg destroyed. 07622_ HINTAFHPE%M RMMI2AFS2IK9Q=AA=2U92 07623_ Hardcell Cannon destroyed. 07625_ VTOL Module destroyed. 07625_ Myomer Leg destroyed. 07626_ Held in stasis. 07626_ Slug Cannon destroyed. 07628_ Mak. Leg destroyed. 07630_ Held in stasis. 07631_ Neutrino Core destroyed. 07634_ Held in stasis. 07634_ Myomer Leg destroyed. 07634_ Imp. Arc Projector destroyed. 07636_ Mak. Cloaking Device destroyed. 07636_ Neutrino Core destroyed. 07639_ Held in stasis. 07645_ Adv. Heat Sink destroyed. 07647_ Held in stasis. Map ----- +----------------------------------------------------+ | | | | | | | | | | | | | | | | | ??????????????????????????????????????????????? | | ??????????????????????????????????????????????? | | ??????????????????????????????????????????????? | | ??????????????????????????????????????????????? | | ??????????????????????????????????????????????? | | ??????????????????????????????????????????????? | | ??????????????????????????????????????????????? | | ??????????????????????????????????????????????? | | ??????????????????????????????????????????????? | | ????????????????????????#""#??????????????????? | | ???????????????????????##""##?????????????????? | | ?????????????????###??##""""##????????????????? | | ?????????######### ##?#""""""#??????#####?????? | | ?????????#""""""" ### """" ##????## ###???? | | ?????????#" " ##; ;#?#### < ##??? | | ?????????# 1 P ### #??? | | ??? ?????#" #??? | | ??" "#### @ #??? | | ???" S ;##### ###??? | | ????##+#### % ### ###???#######????? | | ?????????#"" %%%]#?# """" #????????????????? | | ?????????##" #### ##?#""""""#????????????????? | | ??????????#" #??###??##""""##????????????????? | | ??????????## #????????##""##?????????????????? | | ???????????# #?????????#""#??????????????????? | | ???????????# #???????????????????????????????? | | ??????????## ########????????????????????????? | | ??????????# # """"#????????????????????????? | | ??????????# # """"#????????????????????????? | | ??????????# # """#????????????????????????? | | ??????????+ + !!""#????????????????????????? | | ??????????# # """#????????????????????????? | | ??????????# # """"#????????????????????????? | | ??????????# #X""""#????????????????????????? | | ??????????##++########????????????????????????? | | ??????????????????????????????????????????????? | | ??????????????????????????????????????????????? | | ??????????????????????????????????????????????? | | ??????????????????????????????????????????????? | | ??????????????????????????????????????????????? | | ??????????????????????????????????????????????? | | ??????????????????????????????????????????????? | +----------------------------------------------------+ Best States ------------- Heat Dissipation 81 Energy Generation 35 Energy Capacity 530 Matter Stores 300 Matter Capacity 300 Sight Range 22 Robot Scan Range 16 Terrain Scan Density 10 Additional Mass Support 9 Corruption Containment 12 Armor Coverage 150 Core Shielding 30 Power Shielding 66 Evasion (%) 70 Target Analysis 8 Matter Filtering 30 Energy Filtering 45 Salvage Targeting 2 Authchip Count 1 Item Schematics ----------------- None Robot Schematics ------------------ None Fabricated ------------ Nothing Alien Tech Used ----------------- Transdimensional Reconstructor Achievements -------------- The Science Guy \\IAMDERELICT Challenges ------------ None Game ------ Seed ArcImprinterDrive Manual? 0 Play Time 00:54:09 Cumulative 141.8 hours Start 2024.04.30 @ 05:57:08 End 2024.04.30 @ 09:11:51 Sessions 3 Manual Loads 0 Difficulty Rogue Special Mode None Game No. 283 Rogue 283 Adventurer 0 Explorer 0 Win Type - Total 0 Types 0/0/0/0/0/0/0/0/0 Lore% 37 Gallery% 57 Achievement% 39 Wizard Run 0 Options --------- Layout 0 ASCII 0 Keyboard 1 Movement Numpad Keybinds 0 Fullscreen 2 Font 18/X11 Map View 76x50 Zoom Use 0% Tactical HUD 1 Map Filters NONE Filters NONE Steam 1 RUN: 6b9d95b6-a5a0-4673-bdf9-b695f22df37b